 Dungeon Crawl Stone Soup version 0.27-a0-1184-ge86db4a01e (webtiles) character file.

Game seed: 14156869847820214832

101 Shayle the Magician (level 4, -3/25 HPs)
             Began as a Deep Elf Hedge Wizard on May 18, 2021.
             Slain by a hobgoblin (6 damage)
             ... led by Robin
             ... on level 3 of the Dungeon.
             The game lasted 00:09:02 (3680 turns).

Shayle the Magician (Deep Elf Hedge Wizard)         Turns: 3680, Time: 00:09:03

Health: -3/25      AC:  2    Str:  7    XL:     4   Next: 48%
Magic:  0/12       EV: 12    Int: 20    God:
Gold:   120        SH:  3    Dex: 14    Spells: 6/11 levels left

rFire    . . .     SeeInvis .   f - +0 rapier
rCold    . . .     Faith    .   k - +0 buckler
rNeg     . . .     Spirit   .   b - +0 robe
rPois    .         Reflect  .   c - +0 hat
rElec    .         Harm     .   (no cloak)
rCorr    .         Rampage  .   (no gloves)
Will     .....                  (no boots)
Stlth    ++........             (no amulet)
HPRegen  0.08/turn              (no ring)
MPRegen  0.13/turn              (no ring)

@: very slightly contaminated, invisible
A: no striking features
a: no special abilities


You were on level 3 of the Dungeon.
You visited 1 branch of the dungeon, and saw 3 of its levels.

You collected 120 gold pieces.

Inventory:

Hand Weapons
 a - a +0 dagger
 f - a +0 rapier (weapon)
Armour
 b - a +0 robe (worn)
 c - a +0 hat (worn)
 k - a +0 buckler (worn)
Jewellery
 j - a ring of magical power
Scrolls
 d - a scroll of identify
Potions
 e - a potion of invisibility
 g - a potion of might {unknown}
 h - a potion of flight {unknown}
 i - a potion of lignification {unknown}
 l - a potion of curing {unknown}


   Skills:
 + Level 1.4 Fighting
 + Level 3.4 Dodging
 - Level 2.4 Stealth
 + Level 0.4 Shields
 - Level 4.4 Spellcasting
 + Level 2.3 Conjurations
 - Level 1.9 Summonings
 - Level 2.0 Translocations


You had 6 spell levels left.
You knew the following spells:

 Your Spells              Type           Power      Damage    Failure   Level
a - Magic Dart            Conj           52%        1d5       8%          1
b - Call Imp              Summ           12%        N/A       13%         2
c - Blink                 Tloc           N/A        N/A       13%         2

Your spell library contained the following spells:

 Spells                   Type           Power      Damage    Failure   Level
 Slow                     Hex            4%         N/A       28%         2
 Conjure Flame            Conj/Fire      9%         6-21      34%         3
 Mephitic Cloud           Conj/Pois/Air  7%         N/A       38%         3


Dungeon Overview and Level Annotations

Branches:
Dungeon (3/15)

Altars:
Hepliaklqana


Message History

You closely miss the hobgoblin.
The hobgoblin is heavily wounded.
The hobgoblin hits you.
The goblin barely misses your white imp.
Your crimson imp hits the goblin.
The goblin dies!
The hobgoblin hits you.
The hobgoblin hits you but does no damage.
Okay, then.
It was a potion of invisibility.
You fade into invisibility!
You block the hobgoblin's attack. The hobgoblin misses you.
You are very lightly contaminated with residual magic.
You hit the hobgoblin.
The hobgoblin is heavily wounded.
The goblin misses you.
Your white imp closely misses the hobgoblin.
The hobgoblin hits you.
* * * LOW HITPOINT WARNING * * *
Unknown command.
Your white imp hits the hobgoblin but does no damage.
Your crimson imp blinks!
Casting: Magic Dart (safe; 8% risk of failure)
Confirm with . or Enter, or press ? or * to list all spells.
Aiming: Magic Dart (safe; 8% risk of failure)
Press: ? - help, Shift-Dir - straight line, f - goblin, p - hobgoblin
Aim: a goblin, wielding a +0 dagger (wandering, strong, hasn't noticed you, 100% to hit)
The magic dart hits the goblin.
You kill the goblin!
Your white imp completely misses the hobgoblin.
The hobgoblin misses you.
Casting: Magic Dart (safe; 8% risk of failure)
Confirm with . or Enter, or press ? or * to list all spells.
Aiming: Magic Dart (safe; 8% risk of failure)
Press: ? - help, Shift-Dir - straight line, f - hobgoblin
Aim: a hobgoblin (heavily wounded, strong, 100% to hit)
The magic dart hits the hobgoblin.
You kill the hobgoblin!
The hobgoblin hits you.
You die...

....# #.# .#.## #.# .#.## #.#
.#.##.#.#########################
....#.#...).................(....
.... #....#.)#.)#..#..#..#..#..#.
#....).....................
#...#..#5g#..#..#..#..#..#.
#..5.....)@.......†........
#.######################### #.#
#.# #.# ...


You could see a hobgoblin (strong, ally target), a friendly crimson imp
(summoned) and a friendly white imp (summoned).

Vanquished Creatures
  4 adders
  A worm (D:3)
  A dart slug (D:3)
  An orc (D:3)
  An endoplasm (D:1)
  A giant cockroach (D:1)
  2 hobgoblins (D:3)
  2 jackals
  A kobold (D:2)
  2 quokkas (D:2)
  2 bats
  3 frilled lizards
  4 goblins
  4 rats
29 creatures vanquished.

Vanquished Creatures (collateral kills)
  Robin (D:3)
  4 gnolls (D:2)
  A worm (D:3)
  A bat (D:3)
  An endoplasm (D:2)
  3 goblins
  4 jackals
  A rat (D:3)
16 creatures vanquished.

Grand Total: 45 creatures vanquished

Notes
Turn   | Place    | Note
-------+----------+-------------------------------------------
     0 | D:1      | Shayle the Deep Elf Hedge Wizard began the quest for the
                  | Orb.
     0 | D:1      | Reached XP level 1. HP: 10/10 MP: 7/7
   792 | D:1      | Found a hazy altar of Hepliaklqana.
   961 | D:2      | Reached XP level 2. HP: 13/15 MP: 3/9
  1125 | D:2      | Learned a level 2 spell: Call Imp
  1128 | D:2      | Learned a level 2 spell: Blink
  1401 | D:2      | Reached XP level 3. HP: 7/20 MP: 2/10
  2294 | D:2      | Reached skill level 1 in Fighting
  2592 | D:3      | Reached XP level 4. HP: 25/25 MP: 3/12
  2706 | D:3      | Noticed Robin
  3672 | D:3      | Killed Robin
  3680 | D:3      | Slain by a hobgoblin

Illustrated notes

Levels and vault maps discovered:
D:1:      minmay_arrival_shattered_statue, layout_basic, kennysheep_flooded_box
D:2:      layout_basic
D:3:      layout_loops_ring, columned_hall_lemuel, due_unseen_surprise,
          uniq_jessica, uniq_robin

Skill      XL: |  1  2  3 |
---------------+----------+-----
Dodging        | 3 |  3.4
Fighting       | 1 |  1.4
Conjurations   | 2 |  2.3
Translocations | 2 |  2.0
Stealth        | |  2.4
Shields        | |  0.4
Spellcasting   | |  4.4
Summonings     | |  1.9

Action                   |  1- 3 |  4- 6 || total
-------------------------+-------+-------++-------
Melee: Dagger            |     4 |       ||     4
       Rapier            |       |    17 ||    17
 Cast: Magic Dart        |    53 |    16 ||    69
       Call Imp          |     9 |    14 ||    23
       Blink             |       |     7 ||     7
  Use: Scroll            |     2 |       ||     2
       Potion            |       |     1 ||     1
Armor: Robe              |     4 |     4 ||     8
Dodge: Dodged            |     2 |    18 ||    20
Block: Buckler           |       |     6 ||     6

Table legend: (Time is in decaauts)
 A = Elapsed time spent in this place.
 B = Non-inter-level travel time spent in this place.
 C = Inter-level travel time spent in this place.
 D = Time resting spent in this place.
 E = Time spent auto-exploring this place.
 F = Levels seen in this place.
 G = Mean time per level.
                   A        B        C        D        E       F      G
               +--------+--------+--------+--------+--------+-----+--------+
         Total |   3685 |   3588 |     97 |   1232 |   1934 |   3 | 1228.3 |
       Dungeon |   3685 |   3588 |     97 |   1232 |   1934 |   3 | 1228.3 |
               +--------+--------+--------+--------+--------+-----+--------+

Top non-repeatable levels by time:
     D:2: 2058 daAuts
     D:1: 851 daAuts
     D:3: 776 daAuts
